 Dungeon Crawl Stone Soup version 0.18.1-48-g4cf74bf (webtiles) character file.

240 Heedrag the Conjurer (level 5, -2/28 HPs)
             Began as a Deep Elf Conjurer on Aug 13, 2016.
             Was an Initiate of Vehumet.
             Slain by a river rat (7 damage)
             ... in a sewer.
             The game lasted 00:06:24 (2546 turns).

Heedrag the Conjurer (Deep Elf Conjurer)            Turns: 2546, Time: 00:06:25

Health: -2/28      AC:  3    Str:  6    XL:     5   Next: 80%
Magic:  1/14       EV: 13    Int: 24    God:    Vehumet [......]
Gold:   174        SH:  0    Dex: 15    Spells: 3 memorised, 4 levels left

rFire  . . .     SeeInvis .     m - +3 quarterstaff (chaos)
rCold  . . .     Gourm    .     a - +0 robe
rNeg   . . .     Faith    .     (shield currently unavailable)
rPois  .         Spirit   .     (no helmet)
rElec  .         Dismiss  .     o - +0 cloak
rCorr  .         Reflect  .     (no gloves)
SustAt .         Harm     .     (no boots)
MR     .....                    (no amulet)
Stlth  ++........               (no ring)
                                e - +4 ring of intelligence

@: not resistant to hostile enchantments, unstealthy
A: no striking features
a: Renounce Religion


You were in a sewer.
You worshipped Vehumet.
Vehumet was noncommittal.
You were not hungry.

You visited 1 branch of the dungeon, and saw 4 of its levels.
You also visited: Sewer.

You collected 174 gold pieces.

Inventory:

Hand Weapons
 i - a +0 short sword
 m - a +3 quarterstaff of chaos (weapon)
Armour
 a - a +0 robe (worn)
 o - a +0 cloak (worn)
Jewellery
 e - a +4 ring of intelligence (left hand)
Scrolls
 g - 2 scrolls of remove curse {unknown}
 k - 2 scrolls of identify {unknown}
 n - 2 scrolls of magic mapping {unknown}
 p - a scroll of enchant armour {unknown}
 r - a scroll of teleportation {unknown}
Potions
 d - 2 potions of heal wounds {unknown}
 f - 2 potions of might {unknown}
 j - 2 potions of brilliance {unknown}
 l - a potion of cancellation {unknown}
 s - a potion of curing {unknown}
 t - a potion of ambrosia {unknown}
Books
 b - a book of Conjurations

   Spells                             Type                      Level
   a - Magic Dart                     Conjuration                  1
   b - Searing Ray                    Conjuration                  2
   c - Dazzling Spray                 Conjuration/Hexes            3
   d - Fulminant Prism                Conjuration/Hexes            4
   e - Iskenderun's Mystic Blast      Conjuration                  4
   f - Iskenderun's Battlesphere      Conjuration/Charms           5
Comestibles
 c - 4 bread rations
 h - 3 meat rations
 q - 7 chunks of flesh


   Skills:
 - Level 2.4 Dodging
 - Level 2.4 Stealth
 + Level 5.4 Spellcasting
 * Level 6.7 Conjurations
 + Level 0.8 Charms


You had 4 spell levels left.
You knew the following spells:

 Your Spells              Type           Power        Failure   Level  Hunger
a - Magic Dart            Conj           ####         1%          1    None
b - Iskenderun's Mystic   Conj           #####...     6%          4    ###....
c - Iskenderun's Battles  Conj/Chrm      ###.....     54%         5    #####..


Dungeon Overview and Level Annotations

Branches:
Dungeon (4/15)
 Temple: D:4-7

Altars:
Dithmenos
Pakellas
Sif Muna
Vehumet


Message History

Tha ri'er rat be severely wounded.
Tha ri'er rat closely misses ye.
Castin': Magic Dart Confirm wit' . or Enter, or press ? or * ta list all spells.
Ye dinnae haf enough magic ta cast tha spell.
Unknown command.
Tha ri'er rat barely misses itself.
Castin': Magic Dart Confirm wit' . or Enter, or press ? or * ta list all spells.
Ye dinnae haf enough magic ta cast tha spell.
Unknown command.
Ye hit tha ri'er rat but do nay damage.
Tha ri'er rat be heavily wounded.
Tha ri'er rat barely misses tha ri'er rat.
Tha ri'er rat closely misses ye.
Ye catch tha helpless ri'er rat completely off-guard!
Ye hit tha ri'er rat but do nay damage.
Tha ri'er rat be poison'd.
Tha ri'er rat be heavily wounded.
Tha ri'er rat seems less confused.
Tha ri'er rat bites ye!
Ye die... ################### #....∩.∩†rr@..≈≈≈≈≈ ###################

You could see 2 river rats.

Vanquished Creatures
  The ghost of Heedrag the Conjurer, an amateur DECj (D:3)
  Crazy Yiuf (D:3)
  4 adders
  A river rat (Sewer)
  2 oozes (D:2)
  2 worms (D:3)
  5 dart slugs
  2 giant geckos
  7 bats
  6 giant cockroaches
  5 goblins (D:1)
  4 hobgoblins
  9 jackals
  2 quokkas
  A giant newt (D:2)
  12 kobolds
  13 rats
77 creatures vanquished.

Notes
Turn   | Place    | Note
--------------------------------------------------------------
     0 | D:1      | Heedrag the Deep Elf Conjurer began the quest for the Orb.
     0 | D:1      | Reached XP level 1. HP: 10/10 MP: 6/6
   234 | D:1      | Reached XP level 2. HP: 15/15 MP: 5/8
   371 | D:1      | Reached skill level 5 in Conjurations
   590 | D:1      | Reached XP level 3. HP: 19/19 MP: 3/10
  1227 | D:2      | Found a shadowy altar of Dithmenos.
  1365 | D:2      | Reached XP level 4. HP: 24/24 MP: 9/12
  1402 | D:2      | Found an oddly glowing altar of Pakellas.
  1701 | D:3      | Noticed Heedrag's ghost (amateur DECj)
  1811 | D:3      | Noticed Crazy Yiuf
  1817 | D:3      | Killed Crazy Yiuf
  1883 | D:3      | Killed Heedrag's ghost
  1883 | D:3      | Reached skill level 5 in Spellcasting
  1883 | D:3      | Reached skill level 6 in Conjurations
  1883 | D:3      | Reached XP level 5. HP: 19/28 MP: 4/14
  1934 | D:3      | Learned a level 4 spell: Iskenderun's Mystic Blast
  1992 | D:3      | Learned a level 5 spell: Iskenderun's Battlesphere
  2095 | D:3      | Found a radiant altar of Vehumet.
  2110 | D:3      | Became a worshipper of Vehumet
  2254 | D:3      | Found a deep blue altar of Sif Muna.
  2497 | D:4      | Found a glowing drain.
  2522 | Sewer    | Entered a sewer
  2546 | Sewer    | Slain by a river rat

Skill      XL: |  1  2  3  4 |
---------------+-------------+-----
Conjurations   | 5 6 |  6.7
Spellcasting   | 4 5 |  5.4
Dodging        | |  2.4
Stealth        | |  2.4
Charms         | |  0.8

Action                   |  1- 3 |  4- 6 || total
-------------------------+-------+-------++-------
Melee: Short sword       |       |     1 ||     1
       Quarterstaff      |       |    13 ||    13
 Cast: Magic Dart        |    72 |    86 ||   158
 Stab: Sleeping          |       |     1 ||     1
       Confused          |       |     1 ||     1
  Eat: Chunk             |     1 |     4 ||     5
Armor: Robe              |       |     5 ||     5
Dodge: Dodged            |     4 |    31 ||    35
